[Event "Mistrovství Čech mládeže 2023 - HD16"]
[Site "Harrachov, Czech Republic"]
[Date "2023.10.22"]
[Round "2.9"]
[White "Mikhno, Artem"]
[Black "Kučina, Ondřej"]
[Result "0-1"]
[TimeControl "90m + 30s"]
[WhiteElo "1781"]
[BlackElo "1592"]

1. d4 e6 2. c4 f5 3. Nc3 Nf6 4. Bf4 Bb4 5. Qc2 Ne4 6. Nf3 c5 7. d5 Qa5 8. Be5 O-O 9. Nd2 d6 10.
Ndxe4 dxe5 11. Nd6 Bxc3+ 12. Qxc3 Qxc3+ 13. bxc3 exd5 14. cxd5 a6 15. a4 Rd8 16. Nxc8 Rxc8 17. c4 Nd7 18.
Rb1 b5 19. e3 b4 20. a5 e4 21. f3 exf3 22. gxf3 Re8 23. Kf2 Kf7 24. Bh3 Ne5 25. Bxf5 Nxc4 26. Rbc1 Nxa5 27. Rxc5 Nb7 28.
Rc7+ Re7 29. Rhc1 Rae8 30. Bd7 Rb8 31. Bc8 b3 32. Be6+ Kf8 33. Rc8+ Rxc8 34. Rxc8+ Re8 35. Rc7 Nd6 36. Rc6 Rxe6 37. dxe6 b2 38. Rb6 Nb5 0-1

[Event "Mistrovství Čech mládeže 2023 - HD16"]
[Site "Harrachov, Czech Republic"]
[Date "2023.10.22"]
[Round "2.10"]
[White "Večeř, Martin"]
[Black "Svoboda, Daniel"]
[Result "0-1"]
[TimeControl "90m + 30s"]
[WhiteElo "1569"]
[BlackElo "1766"]

1. Nf3 c5 2. e4 d6 3. d4 cxd4 4. Nxd4 Nf6 5. Nc3 a6 6. f3 e5 7. Nb3 Be6 8. Be3 h5 9. Qd2 Nbd7 10.
Be2 Rc8 11. O-O-O b5 12. h3 Nb6 13. g4 b4 14. Nb1 Nc4 15. Bxc4 Rxc4 16. Qd3 Be7 17. N1d2 Rc6 18. g5 Nd7 19.
h4 Qc7 20. f4 exf4 21. Bxf4 Ne5 22. Bxe5 dxe5 23. Kb1 O-O 24. Rc1 Rd8 25. Qf3 Bg4 26. Qe3 a5 27. c3 a4 28. Na1 Bc5 29.
Qe1 bxc3 30. bxc3 Ba3 0-1

[Event "Mistrovství Čech mládeže 2023 - HD16"]
[Site "Harrachov, Czech Republic"]
[Date "2023.10.22"]
[Round "2.11"]
[White "Tegda, Vojtěch"]
[Black "Ocelák, David"]
[Result "0-1"]
[TimeControl "90m + 30s"]
[WhiteElo "1731"]
[BlackElo "1580"]

1. e4 c6 2. d4 d5 3. f3 Qb6 4. Nc3 g6 5. exd5 Bg7 6. Nge2 Nf6 7. dxc6 Nxc6 8. d5 Nb4 9. a3 Qa5 10.
d6 O-O 11. dxe7 Re8 12. Qd6 Nxc2+ 13. Kd1 Nxa1 14. Be3 Nb3 15. Kc2 Qf5+ 16. Kxb3 Be6+ 0-1

[Event "Mistrovství Čech mládeže 2023 - HD16"]
[Site "Harrachov, Czech Republic"]
[Date "2023.10.22"]
[Round "2.12"]
[White "Stein, Michael"]
[Black "Markina, Sofiia"]
[Result "1-0"]
[TimeControl "90m + 30s"]
[WhiteElo "1717"]
[BlackElo "1564"]

1. e4 c5 2. Nf3 d6 3. d4 cxd4 4. Nxd4 Nf6 5. Nc3 a6 6. h4 e5 7. Nb3 Be6 8. f4 Nbd7 9. f5 Bxb3 10.
axb3 b5 11. g4 Nc5 12. Bg2 b4 13. Nd5 Nfxe4 14. Bxe4 Nxe4 15. Qf3 Nc5 16. Nc7+ Qxc7 17. Qxa8+ Kd7 18. Be3 g6 19. Bxc5 Qxc5 20.
Qb7+ Ke8 21. O-O-O Be7 22. Qb8+ Bd8 23. Rxd6 Qc7 24. Rxd8+ Qxd8 25. Qxe5+ 1-0

[Event "Mistrovství Čech mládeže 2023 - HD16"]
[Site "Harrachov, Czech Republic"]
[Date "2023.10.22"]
[Round "2.13"]
[White "Novotný, Dominik"]
[Black "Šlosar, Jan"]
[Result "1-0"]
[TimeControl "90m + 30s"]
[WhiteElo "1929"]
[BlackElo "1346"]

1. e4 c5 2. b3 d6 3. Bb2 Nc6 4. Bb5 e5 5. d3 a6 6. Bxc6+ bxc6 7. Ne2 f5 8. f4 g6 9. fxe5 Bg7 10.
exf5 Bxf5 11. Ng3 Nh6 12. Nd2 Qe7 13. Nc4 O-O 14. O-O d5 15. Ne3 Bd7 16. Qd2 Nf7 17. Rae1 Nxe5 18. c4 d4 19.
Nd1 Rxf1+ 20. Nxf1 Re8 21. Kh1 Qh4 22. Re4 Ng4 23. Rxe8+ Bxe8 24. Qe2 Bd7 25. Ba3 Ne5 26. Nf2 Qe7 27.
Ng3 h5 28. Nge4 Bg4 29. Nxg4 Nxg4 30. Bxc5 Qe5 31. Bd6 Qa5 32. h3 Ne3 33. Bf4 Nf5 34. g4 hxg4 35. hxg4 Nh6 36. Ng5 1-0

[Event "Mistrovství Čech mládeže 2023 - HD16"]
[Site "Harrachov, Czech Republic"]
[Date "2023.10.22"]
[Round "2.14"]
[White "Dominiková, Denisa"]
[Black "Tesař, Jakub"]
[Result "0-1"]
[TimeControl "90m + 30s"]
[WhiteElo "1445"]
[BlackElo "1893"]

1. e4 c6 2. Nc3 d5 3. Nf3 Bg4 4. h3 Bxf3 5. Qxf3 Nf6 6. d3 e6 7. Bd2 Nbd7 8. g4 a5 9. Bg2 Bd6 10.
g5 Ng8 11. exd5 exd5 12. O-O-O Ne7 13. h4 b5 14. Rde1 Kf8 15. d4 a4 16. h5 b4 17. g6 hxg6 18. hxg6 Nxg6 19. Rxh8+ Nxh8 20.
Nxd5 cxd5 21. Qxd5 Ra6 22. Qh5 Ng6 23. Bg5 Qb8 24. Bf1 Rb6 25. Bd3 Bf4+ 26. Kd1 Nf6 27. Bxf4 Nxh5 28. Bxb8 Rxb8 29.
Rg1 Nhf4 30. Be4 a3 31. b3 Rd8 32. Bxg6 Nxg6 33. Rg4 Ne7 34. Kd2 Nd5 35. Kd3 Nc3 36. Rg1 Nxa2 37. Ra1 Nc3 38.
Kc4 Rb8 39. f3 Ke7 40. d5 Kd6 41. f4 Rb7 42. f5 Ke5 43. Re1+ Kxf5 44. Kc5 Rb5+ 45. Kc4 Rb7 46. Kc5 a2 47.
Ra1 Rb5+ 48. Kc4 Ke5 49. Re1+ Kd6 50. Ra1 g5 51. Kd4 f5 52. Ke3 Rxd5 53. Kf3 Rd1 54. Ke3 Rxa1 55. Kd3 Kd5 0-1

[Event "Mistrovství Čech mládeže 2023 - HD16"]
[Site "Harrachov, Czech Republic"]
[Date "2023.10.22"]
[Round "2.15"]
[White "Barták, Josef"]
[Black "Sadil, Antonín"]
[Result "1-0"]
[TimeControl "90m + 30s"]
[WhiteElo "1476"]
[BlackElo "1792"]

1. e4 c5 2. Nc3 Nc6 3. g3 g6 4. Bg2 Bg7 5. d3 Rb8 6. f4 d6 7. Nf3 e6 8. O-O b5 9. Ne2 Nge7 10.
d4 cxd4 11. Nexd4 O-O 12. Be3 b4 13. Qd2 f5 14. exf5 gxf5 15. Rad1 Nxd4 16. Bxd4 Bxd4+ 17. Qxd4 Qb6 18. Rf2 Nd5 19.
Re2 h6 20. Qxb6 Rxb6 21. Nd4 Nc7 22. Nc6 Ba6 23. Re3 d5 24. Ne5 Rd8 25. g4 fxg4 26. Nxg4 Rc6 27. Rg3 Kf8 28. Nxh6 Rxc2 29.
Be4 dxe4 30. Rxd8+ Ke7 31. Rd4 Nd5 32. Rxe4 Rc1+ 33. Kg2 Rc2+ 34. Kf3 Kd6 35. Rg6 Be2+ 36. Kg3 Nc7 37. Rxb4 Bf1 38.
Nf5+ Kc5 39. Ne3 Rc1 40. Rb3 Bc4 41. Rg5+ Nd5 42. Nxc4 Kxc4 43. Re5 Rg1+ 44. Kf2 Rg6 45. Re4+ Kc5 46.
Rg3 Rf6 47. Rg5 Kc6 48. Kg3 a6 49. h4 Rh6 50. h5 Kd6 51. Kh4 Nc7 52. Rd4+ Nd5 53. Rg6 Rh8 54. Re4 Nc7 55. Kg5 a5 56.
h6 a4 57. Rxa4 Ne8 58. Ra6+ Ke7 59. Raxe6+ Kf7 60. f5 Rh7 61. b4 Kf8 62. Rg8+ Kf7 63. Rgxe8 Rh8 64. R6e7# 1-0

[Event "Mistrovství Čech mládeže 2023 - HD16"]
[Site "Harrachov, Czech Republic"]
[Date "2023.10.22"]
[Round "2.16"]
[White "Dufková, Tereza"]
[Black "Bohatyrov, Mykola"]
[Result "0-1"]
[TimeControl "90m + 30s"]
[WhiteElo "1299"]
[BlackElo "1725"]

1. e4 e6 2. d4 d5 3. e5 c5 4. Nf3 Nc6 5. Bb5 a6 6. Ba4 b5 7. Bg5 Be7 8. Bxe7 Ngxe7 9. Ng5 bxa4 10.
Qh5 g6 11. Qh6 Nf5 12. Qh3 Qxg5 13. Nc3 Ncxd4 14. O-O Bd7 15. Rac1 Qh4 16. Qd3 O-O 17. a3 Rfb8 18. Ne2 Bb5 0-1

[Event "Mistrovství Čech mládeže 2023 - HD16"]
[Site "Harrachov, Czech Republic"]
[Date "2023.10.22"]
[Round "2.17"]
[White "Garabik, Marek"]
[Black "Jirman, Jonáš"]
[Result "1-0"]
[TimeControl "90m + 30s"]
[WhiteElo "1697"]
[BlackElo "1328"]

1. e4 c5 2. Nc3 Nc6 3. f4 d6 4. Bb5 g6 5. Bxc6+ bxc6 6. Nf3 Bg7 7. d3 Nf6 8. O-O O-O 9.
h3 Rb8 10. Rb1 Qc7 11. Be3 Re8 12. Qd2 Bd7 13. Bf2 Rbd8 14. Ne2 Bc8 15. c3 Ba6 16. Qc2 Rb8 17. b3 Nd7 18. d4 cxd4 19. cxd4 Rec8 20. Rfc1 Qb7 21. Nc3 c5 22. Nd5 Kf8 23.
Qd2 cxd4 24. Bxd4 f6 25. Rxc8+ Rxc8 26. Rc1 Rxc1+ 27. Qxc1 Bd3 28. Qe3 Bb1 29. Nc3 e5 30. fxe5 fxe5 31. Bxa7 Bc2 32. Ne1 Bxe4 33. Nxe4 d5 34.
Nc5 Qc6 35. Nxd7+ Qxd7 36. Nf3 d4 37. Bc5+ Kg8 38. Nxe5 Bxe5 39. Qxe5 d3 40. Qe1 d2 41. Qd1 Qf5 42. Be3 Qe5 43.
Qxd2 Qa1+ 44. Kh2 Qe5+ 45. Bf4 1-0

[Event "Mistrovství Čech mládeže 2023 - HD16"]
[Site "Harrachov, Czech Republic"]
[Date "2023.10.22"]
[Round "2.18"]
[White "Tichý, Tomáš"]
[Black "Dudarec, Elias"]
[Result "1/2-1/2"]
[TimeControl "90m + 30s"]
[WhiteElo "1697"]
[BlackElo "1535"]

1. e4 e6 2. d4 d5 3. Nd2 c5 4. exd5 exd5 5. Ngf3 Nf6 6. Bb5+ Bd7 7. Bxd7+ Nbxd7 8. O-O Be7 9. dxc5 Nxc5 10.
Nd4 O-O 11. N2f3 Nce4 12. Bf4 Bd6 13. Bxd6 Nxd6 14. c3 Re8 15. Qb3 Qd7 16. Rad1 Rac8 17. Rd3 a6 18. Qd1 Nc4 19. Qb1 Re4 20.
Rfd1 Rce8 21. Nc2 Rg4 22. b3 Ne5 23. Nxe5 Rxe5 24. c4 Rh5 25. Ne3 Rgh4 26. Nf1 g6 27. Ng3 Rg5 28. cxd5 Qd6 29.
Re3 Rxh2 30. Kxh2 Ng4+ 31. Kg1 Nxe3 32. Qc1 Nxd1 33. Qxg5 Nc3 34. Nf5 Qd7 35. Ne7+ Kf8 36. Qe5 Qg4 37.
Qxc3 Qd1+ 38. Kh2 Qh5+ 39. Kg1 Qd1+ 40. Kh2 Qh5+ 41. Kg1 Qd1+ 42. Kh2 Qh5+ 43. Kg1 1/2-1/2

[Event "Mistrovství Čech mládeže 2023 - HD16"]
[Site "Harrachov, Czech Republic"]
[Date "2023.10.22"]
[Round "2.19"]
[White "Bauer, Sebastian"]
[Black "Martinkovič, Adam"]
[Result "0-1"]
[TimeControl "90m + 30s"]
[WhiteElo "1366"]
[BlackElo "1680"]

1. e4 c6 2. Nc3 d5 3. Nf3 dxe4 4. Nxe4 Bf5 5. Ng3 Bg6 6. h4 h6 7. Ne5 Qd6 8. d4 Nd7 9. Nxg6 Qxg6 10.
Bd3 Qd6 11. Bd2 Qxd4 12. Bc3 Qb6 13. O-O Ngf6 14. a4 e6 15. a5 Qc7 16. Nh5 Nxh5 17. Qxh5 Nf6 18. Bxf6 gxf6 19. a6 b6 20.
Rfe1 O-O-O 21. Qf3 f5 22. Re2 Rg8 23. Rd1 Bc5 24. c3 Rg3 25. Qh5 Rdg8 26. Kf1 Rxg2 27. Ke1 Qf4 28. Qg5 Rg1+ 0-1

[Event "Mistrovství Čech mládeže 2023 - HD16"]
[Site "Harrachov, Czech Republic"]
[Date "2023.10.22"]
[Round "2.20"]
[White "Pressler, Tobias"]
[Black "Zahradník, Viktor Ferdinand"]
[Result "1-0"]
[TimeControl "90m + 30s"]
[WhiteElo "1965"]
[BlackElo "1360"]

1. e4 c6 2. d4 d5 3. exd5 cxd5 4. Bd3 Nc6 5. c3 Nf6 6. Nd2 Bg4 7. Ngf3 e6 8. h3 Bxf3 9. Nxf3 Bd6 10.
Qe2 O-O 11. Ne5 h6 12. f4 Bxe5 13. fxe5 Nh7 14. O-O f5 15. exf6 Rxf6 16. Bf4 Qb6 17. Qc2 Nf8 18. Rae1 Rc8 19.
Qe2 Re8 20. Kh1 Ng6 21. Bxh6 Ref8 22. Rxf6 Rxf6 23. Bg5 Nf4 24. Bxf4 Rxf4 25. Qxe6+ Rf7 26. Bg6 Qd8 27. Qxf7+ Kh8 28.
Qe8+ Qxe8 29. Rxe8# 1-0

[Event "Mistrovství Čech mládeže 2023 - HD16"]
[Site "Harrachov, Czech Republic"]
[Date "2023.10.23"]
[Round "3.1"]
[White "Davídek, Zdeněk"]
[Black "Kaplanová, Dominika"]
[Result "1-0"]
[TimeControl "90m + 30s"]
[WhiteElo "2110"]
[BlackElo "1782"]

1. d4 d5 2. c4 dxc4 3. Nc3 Nf6 4. e4 c5 5. d5 b5 6. e5 b4 7. exf6 bxc3 8. bxc3 Nd7 9. fxe7 Qxe7+ 10. Be3 Nb6 11. Bxc4 Bd7 12. Be2 Qe5 13. Rc1 Nxd5 14. Nf3 Qd6 15. Bg5 Nb6 16. Qc2 h6 17. Bh4 Be7 18. Bg3 Qe6 19.
Ne5 Ba4 20. Qe4 Qd5 21. Qg4 Rd8 22. O-O Bf6 23. Bf3 Qe6 24. Qxe6+ fxe6 25. Bh5+ g6 26. Nxg6 Rg8 27. Rfe1 Kd7 28.
Ne5+ Bxe5 29. Rxe5 Ke7 30. Bh4+ Kd6 31. Rce1 1-0

[Event "Mistrovství Čech mládeže 2023 - HD16"]
[Site "Harrachov, Czech Republic"]
[Date "2023.10.23"]
[Round "3.2"]
[White "Svoboda, Daniel"]
[Black "Hozda, Max"]
[Result "1/2-1/2"]
[TimeControl "90m + 30s"]
[WhiteElo "1766"]
[BlackElo "2105"]

1. e4 d5 2. exd5 Qxd5 3. Nc3 Qa5 4. d4 Nf6 5. Bd3 c6 6. Nf3 Bg4 7. h3 Bh5 8. O-O e6 9. Ne4 Nbd7 10.
Bf4 Nxe4 11. Bxe4 Be7 12. Re1 Nf6 13. Bd3 Qb6 14. Be5 O-O 15. Qe2 c5 16. c3 1/2-1/2

[Event "Mistrovství Čech mládeže 2023 - HD16"]
[Site "Harrachov, Czech Republic"]
[Date "2023.10.23"]
[Round "3.3"]
[White "Hrbek, Jáchym"]
[Black "Stein, Michael"]
[Result "1-0"]
[TimeControl "90m + 30s"]
[WhiteElo "1973"]
[BlackElo "1717"]

1. e4 e6 2. Nf3 d5 3. e5 c5 4. b4 c4 5. c3 Qc7 6. d3 cxd3 7. Bxd3 Nc6 8. Bf4 Bd7 9. O-O Nge7 10.
Qe2 Ng6 11. Bg3 Rc8 12. h4 Nge7 13. Na3 a6 14. Rab1 Na7 15. b5 Qa5 16. Rb3 axb5 17. Nxb5 Nxb5 18. Bxb5 Nc6 19. Bd3 Qc7 20.
Ng5 Na5 21. Rbb1 Be7 22. Nxh7 g6 23. Nf6+ Bxf6 24. exf6 Qxc3 25. Be5 d4 26. Qf3 Bc6 27. Qg3 Bd5 28. Bf4 Nc4 29. Rfc1 Qa3 30.
Bxc4 Qxg3 31. Bb5+ Bc6 32. Bxg3 O-O 33. Bxc6 bxc6 34. Rb6 c5 35. Bd6 Rfd8 36. Rxc5 d3 37. Rxc8 Rxc8 38. Rb1 d2 39. Bf4 Rc2 40. Rd1 Rc1 41.
Rxc1 1-0

[Event "Mistrovství Čech mládeže 2023 - HD16"]
[Site "Harrachov, Czech Republic"]
[Date "2023.10.23"]
[Round "3.4"]
[White "Kučina, Ondřej"]
[Black "Veverka, Vladimír"]
[Result "1-0"]
[TimeControl "90m + 30s"]
[WhiteElo "1592"]
[BlackElo "1849"]

1. d4 Nf6 2. c4 e6 3. Nf3 b6 4. g3 Bb7 5. Bg2 c5 6. O-O cxd4 7. Nxd4 Bxg2 8. Kxg2 Qc7 9. b3 Bc5 10.
Bb2 Bxd4 11. Bxd4 Nc6 12. Bxf6 gxf6 13. Nc3 Qe5 14. Qd2 h5 15. Rad1 Rd8 16. f4 Qf5 17. e4 Qg4 18. Nb5 Kf8 19.
Nd6 Rb8 20. Nb5 Rd8 21. h3 Qg7 22. Qd6+ Kg8 23. Qc7 h4 24. g4 f5 25. exf5 exf5 26. Rxd7 Rxd7 27. Qxd7 fxg4 28.
Qxc6 gxh3+ 29. Kh1 Rh6 30. Qe8+ Kh7 31. Qe4+ Rg6 32. f5 Rg4 33. f6+ Rxe4 34. fxg7 Kxg7 35. Nd6 Re6 36. Nf5+ Kf8 37.
Rf2 a5 38. Kh2 a4 39. Kxh3 axb3 40. axb3 b5 41. cxb5 Re5 42. Nd4 Rd5 43. Rf4 Ke7 44. Kxh4 Kd6 45. Kg3 Kc5 46. Kf3 Re5 47.
Re4 Rh5 48. Ke3 Rd5 49. Rf4 Re5+ 50. Kd3 Re1 51. Rf5+ 1-0

[Event "Mistrovství Čech mládeže 2023 - HD16"]
[Site "Harrachov, Czech Republic"]
[Date "2023.10.23"]
[Round "3.5"]
[White "Ocelák, David"]
[Black "Andrle, Filip"]
[Result "0-1"]
[TimeControl "90m + 30s"]
[WhiteElo "1580"]
[BlackElo "1830"]

1. c4 Nf6 2. g3 e5 3. Bg2 Nc6 4. Nc3 Bb4 5. a3 Bxc3 6. bxc3 O-O 7. e4 d6 8. Ne2 Be6 9. d3 Nd7 10.
O-O Kh8 11. Be3 f5 12. f3 fxe4 13. fxe4 Rxf1+ 14. Qxf1 Qe7 15. Rb1 b6 16. Nc1 Rf8 17. Qe2 Na5 18. Na2 c5 19. Nc1 Nf6 20.
h3 Qd7 21. g4 Qa4 22. g5 Ng8 23. Qe1 Qxa3 24.
Ne2 Qa4 25. Qh4 Qc2 0-1

[Event "Mistrovství Čech mládeže 2023 - HD16"]
[Site "Harrachov, Czech Republic"]
[Date "2023.10.23"]
[Round "3.6"]
[White "Dobsa, Emma"]
[Black "Novotný, Dominik"]
[Result "0-1"]
[TimeControl "90m + 30s"]
[WhiteElo "1616"]
[BlackElo "1929"]

1. e4 c6 2. d4 d5 3. Nd2 dxe4 4. Nxe4 Bf5 5. Ng3 Bg6 6. Nh3 e6 7. Nf4 Qh4 8. Bc4 Bd6 9. Nxg6 hxg6 10.
Qd3 Nf6 11. Bd2 Nbd7 12. O-O-O O-O-O 13. a4 Nb6 14. Bb3 Bxg3 15. hxg3 Qxh1 16. Rxh1 Rxh1+ 17. Be1 Rxe1+ 18. Kd2 Rh1 19.
a5 Nbd7 20. a6 b5 21. c4 Nc5 22. Qf3 Nxb3+ 23. Qxb3 Rxd4+ 24. Ke3 Rhd1 25. Qb4 Re4+ 0-1

[Event "Mistrovství Čech mládeže 2023 - HD16"]
[Site "Harrachov, Czech Republic"]
[Date "2023.10.23"]
[Round "3.7"]
[White "Tesař, Jakub"]
[Black "Garabik, Marek"]
[Result "1-0"]
[TimeControl "90m + 30s"]
[WhiteElo "1893"]
[BlackElo "1697"]

1. e4 e6 2. d4 d5 3. Nd2 Nc6 4. Ngf3 Nf6 5. e5 Nd7 6. Nb3 f6 7. Bb5 a6 8. Bxc6 bxc6 9. O-O a5 10.
Bd2 Bb4 11. c3 Be7 12. c4 Bb4 13. a3 Bxd2 14. Qxd2 a4 15. Na5 Nb8 16. Qb4 Bd7 17. c5 Na6 18. Qxa4 Qb8 19. b4 Qb5 20.
Qxb5 cxb5 21. c6 Bc8 22.
Rac1 Rb8 23. Rc3 Rb6 24. Re1 Kf7 25. Ree3 Nb8 26. Ne1 Ke7 27. Nd3 Rf8 28. Rg3 Rf7 29. Rh3 h6 30. Rg3 Ba6 31.
Rg6 Bc8 32. Kf1 Ba6 33. Ke2 Bc8 34. g3 Ba6 35. Kf1 Bc8 36. Kg2 Ba6 37. Rc2 Bc8 38. Kh3 Ba6 39. Kh4 Bc8 40. Kh5 Ra6 41.
h3 Rb6 42. h4 Ra6 43. exf6+ gxf6 44. Rg8 e5 45. Rxc8 Nd7 46. cxd7 Re6 47. d8=Q# 1-0

[Event "Mistrovství Čech mládeže 2023 - HD16"]
[Site "Harrachov, Czech Republic"]
[Date "2023.10.23"]
[Round "3.8"]
[White "Síleš, Jan"]
[Black "Barták, Josef"]
[Result "1-0"]
[TimeControl "90m + 30s"]
[WhiteElo "1839"]
[BlackElo "1476"]

1. d4 d5 2. c4 c6 3. Nc3 dxc4 4. e3 b5 5. a4 b4 6. Ne4 Qd5 7. Nd2 c3 8. bxc3 bxc3 9. Ndf3 Nf6 10.
Ba3 Bf5 11. Bd3 Nbd7 12. Ne2 Ne4 13. Qc2 e6 14. Bxf8 Kxf8 15. Nf4 Qa5 16. Bxe4 Bxe4 17. Qxe4 c2+ 18. Nd2 g5 19. Ne2 Ke7 20.
Qxc2 1-0

[Event "Mistrovství Čech mládeže 2023 - HD16"]
[Site "Harrachov, Czech Republic"]
[Date "2023.10.23"]
[Round "3.9"]
[White "Martinkovič, Adam"]
[Black "Dvořák, Jan"]
[Result "0-1"]
[TimeControl "90m + 30s"]
[WhiteElo "1680"]
[BlackElo "1789"]

1. c4 e5 2. Nc3 Nc6 3. g3 Bc5 4. Bg2 a6 5. e3 d6 6. Nge2 Ba7 7. d4 exd4 8. exd4 Nge7 9. O-O Nf5 10.
Re1 O-O 11. d5 Ne5 12. b3 Qf6 13. Bf4 g6 14. Ne4 Qg7 15. Qd2 h6 16. h3 g5 17. Bxe5 Qxe5 18. Kh2 Qg7 19. Rac1 Ne7 20.
f4 g4 21. h4 Nf5 22. Rc3 Re8 23. Rd3 Bd7 24. b4 Ne3 25. Rxe3 Bxe3 26. Qxe3 f5 27. Nd4 fxe4 28. f5 Re5 29.
Ne6 Bxe6 30. fxe6 b5 31. Bxe4 bxc4 32. Qd4 Rf8 33. Re2 Qf6 34. Qxc4 Qf1 35. Qc2 Qh3+ 0-1

[Event "Mistrovství Čech mládeže 2023 - HD16"]
[Site "Harrachov, Czech Republic"]
[Date "2023.10.23"]
[Round "3.10"]
[White "Bohatyrov, Mykola"]
[Black "Vyšinský, Otakar"]
[Result "1/2-1/2"]
[TimeControl "90m + 30s"]
[WhiteElo "1725"]
[BlackElo "1599"]

1. d4 d5 2. c4 c6 3. cxd5 cxd5 4. Bf4 Nc6 5. e3 Nf6 6. Nc3 a6 7. Bd3 e6 8. h3 Bd6 9. Bxd6 Qxd6 10.
Nf3 O-O 11. O-O b5 12. Rc1 Bb7 13. Qe2 Rfe8 14. Rfd1 Rac8 15. a3 Na5 16. Ne5 Nc4 17. f4 Qe7 18. Kh2 Nd7 19. Nxc4 dxc4 20.
Be4 Bxe4 21. Nxe4 f5 22. Ng3 Nf6 23. e4 Qc7 24. e5 Nd5 25. Qf3 Qf7 26. Ne2 Red8 27. g4 Rc7 28. g5 Qe7 29.
h4 a5 30. Nc3 Nxc3 31. Rxc3 Rd5 32. Rc2 Rcd7 33. Qc3 Qd8 34. Rcd2 Qb6 35. Kg3 Rc7 36. Qe3 Kf7 37. Qf3 Kg8 38.
Qh5 Rc8 39. g6 h6 40. Qf3 b4 41. axb4 axb4 42. Qe3 c3 43. Rc2 Qa5 44. Rdc1 Rc4 45. bxc3 b3 46. Rb2 Rb5 47. Qd3 Qa4 1/2-1/2

[Event "Mistrovství Čech mládeže 2023 - HD16"]
[Site "Harrachov, Czech Republic"]
[Date "2023.10.23"]
[Round "3.11"]
[White "Markina, Sofiia"]
[Black "Pressler, Tobias"]
[Result "0-1"]
[TimeControl "90m + 30s"]
[WhiteElo "1564"]
[BlackElo "1965"]

1. d4 d5 2. c4 e6 3. Nc3 Nf6 4. cxd5 exd5 5. Bg5 Be7 6. Nf3 O-O 7. e3 c6 8. Bd3 Nbd7 9. O-O Re8 10.
Qc2 Nf8 11. h3 g6 12. Bf4 Ne6 13. Bh2 Ng7 14. Rfe1 Bf5 15. Bxf5 Nxf5 16. a3 a6 17. Rad1 Bd6 18. Bxd6 Nxd6 19.
Nd2 Qd7 20. e4 dxe4 21. Ndxe4 Nfxe4 22. Nxe4 Nxe4 23. Rxe4 Rxe4 24. Qxe4 Re8 25. Qc2 Qd5 26. Qd3 a5 27.
Rc1 Rd8 28. Re1 c5 29. Rd1 Qxd4 30. Qxd4 Rxd4 31. Rxd4 cxd4 32. f4 f5 33. Kf2 Kf7 34. Ke2 Ke6 35. Kd3 Kd5 36. b3 Kc5 37.
g4 Kd5 38. g5 b6 39. b4 a4 40. b5 Kc5 41. h4 Kd5 42. Kd2 Kc4 43. Kc2 Kxb5 0-1

[Event "Mistrovství Čech mládeže 2023 - HD16"]
[Site "Harrachov, Czech Republic"]
[Date "2023.10.23"]
[Round "3.12"]
[White "Meca, Viktor"]
[Black "Mikhno, Artem"]
[Result "0-1"]
[TimeControl "90m + 30s"]
[WhiteElo "1559"]
[BlackElo "1781"]

1. e4 c6 2. d4 d5 3. Nc3 dxe4 4. Nxe4 Bf5 5. Ng3 Bg6 6. Nh3 e6 7. Nf4 Nd7 8. h4 Ne7 9. h5 Bf5 10.
Nxf5 Nxf5 11. g4 Ne7 12. h6 e5 13. hxg7 Bxg7 14. Nh5 Rg8 15. Bd3 Nf6 16. Nxg7+ Rxg7 17. g5 Qd5 18. f3 Nd7 19.
Be4 Qxd4 20. Qxd4 exd4 21. Rxh7 Rxh7 22. Bxh7 Ng6 23. Bd2 Ndf8 24. Bxg6 fxg6 25. Kf2 c5 26. Rh1 Kf7 27. Rh4 Re8 28.
f4 Re7 29. Kf3 Ke6 30. f5+ gxf5 31. Rh6+ Kf7 32. Rf6+ Kg7 33. Rxf5 b6 34. Bf4 Ng6 35. Kg4 Re4 36. Kf3 Re7 37.
Bg3 Re3+ 38. Kf2 Ne7 39. Rf6 c4 40. Bf4 Nd5 0-1

[Event "Mistrovství Čech mládeže 2023 - HD16"]
[Site "Harrachov, Czech Republic"]
[Date "2023.10.23"]
[Round "3.13"]
[White "Jun, Robert"]
[Black "Tegda, Vojtěch"]
[Result "0-1"]
[TimeControl "90m + 30s"]
[WhiteElo "1554"]
[BlackElo "1731"]

1. e4 e5 2. Nf3 Nc6 3. Bb5 g6 4. c3 Bg7 5. d4 Nf6 6. Bg5 h6 7. Bxf6 Qxf6 8. d5 Ne7 9. O-O Qb6 10.
Qe2 c6 11. Bc4 cxd5 12. exd5 d6 13. Bb5+ Bd7 14. Bxd7+ Kxd7 15. c4 e4 16. Qxe4 Bxb2 17. Nbd2 Bxa1 18. Rxa1 Rae8 19. Rb1 Qc7 20.
c5 Kc8 21. cxd6 Qxd6 22. Nc4 Qa6 23. d6 Nf5 24. d7+ Kxd7 25. Rxb7+ Kc8 26. Rxa7 Rxe4 27. Rxa6 Rxc4 28. g3 Kb7 29.
Rf6 Rf8 30. Ne5 Rc7 31. Nxg6 Rg8 32. Ne5 Nh4 33. Rxh6 Rc1# 0-1

[Event "Mistrovství Čech mládeže 2023 - HD16"]
[Site "Harrachov, Czech Republic"]
[Date "2023.10.23"]
[Round "3.14"]
[White "Sochor, Antonín"]
[Black "Fořt, Hugo"]
[Result "1-0"]
[TimeControl "90m + 30s"]
[WhiteElo "1702"]
[BlackElo "1462"]

1. d4 d5 2. Bf4 Nf6 3. e3 Bf5 4. Bd3 Bxd3 5. Qxd3 c6 6. Nd2 e6 7. Ngf3 Bd6 8. Bxd6 Qxd6 9. Ne5 Nbd7 10.
f4 Qc7 11. O-O g6 12. h3 Qb6 13. b4 Nxe5 14. fxe5 Nd7 15. c3 Ke7 16. Rf2 Rag8 17. Raf1 Rg7 18. g4 g5 19. e4 h5 20. Qf3 Ke8 21. Rg2 hxg4 22. Qxg4 Nxe5 23. Qg3 Nd7 24. Nb3 Qd8 25. Nc5 Nxc5 26. bxc5 dxe4 27. Qe5 Rgh7 28. Rgf2 Rxh3 29. Rxf7 Rh1+ 30. Kg2 R1h6 31. R1f6 Rxf6 32. Rxf6 Rh7 33. Qxe6+ Qe7 34. Qc8+ Qd8 35. Rf8+ 1-0

[Event "Mistrovství Čech mládeže 2023 - HD16"]
[Site "Harrachov, Czech Republic"]
[Date "2023.10.23"]
[Round "3.15"]
[White "Langmaier, Michal"]
[Black "Mauder, Karel"]
[Result "1/2-1/2"]
[TimeControl "90m + 30s"]
[WhiteElo "1697"]
[BlackElo "1423"]

1. d4 Nf6 2. c4 e6 3. Nf3 b6 4. g3 Bb4+ 5. Bd2 Bxd2+ 6. Qxd2 O-O 7. Bg2 d5 8. Nc3 Bb7 9. cxd5 Nxd5 10.
O-O Na6 11. Rfe1 c5 12. Nxd5 Bxd5 13. e4 Bb7 14. Rad1 cxd4 15. Nxd4 e5 16. Nf5 Qxd2 17. Rxd2 Rfd8 18. Red1 Rxd2 19. Rxd2 Nc5 20. f3 Kf8 21. Kf2 g6 22.
Ne3 Ke7 23. Nc4 f6 24. Ke3 Rd8 25. Rxd8 Kxd8 1/2-1/2

[Event "Mistrovství Čech mládeže 2023 - HD16"]
[Site "Harrachov, Czech Republic"]
[Date "2023.10.23"]
[Round "3.16"]
[White "Kohm, Patrik"]
[Black "Tichý, Tomáš"]
[Result "1-0"]
[TimeControl "90m + 30s"]
[WhiteElo "1475"]
[BlackElo "1697"]

1. e4 c5 2. Nc3 Nc6 3. Bb5 g6 4. Nf3 Bg7 5. O-O e6 6. Bxc6 dxc6 7. b3 Bxc3 8. dxc3 Qxd1 9. Rxd1 Ne7 10.
Bg5 f5 11. Nd2 b5 12. Be3 O-O 13. Bxc5 Re8 14. exf5 gxf5 15. Nf3 Nd5 16. Bd4 Bb7 17. Ne5 Rac8 18. Rd3 f4 19. Bc5 Nf6 20.
Re1 Rcd8 21. Rxd8 Rxd8 22. Nd3 Nd7 23. h3 Bc8 24. Bxa7 Nf6 25. Nxf4 Rd2 26. Bd4 Kf7 27. Rc1 Ne4 28.
Nd3 b4 29. cxb4 Ba6 30. Be3 Re2 31. Nf4 Ng3 32. Nxe2 Nxe2+ 33. Kh2 Nxc1 34. Bxc1 Kf6 35. Kg3 Ke5 36. Kf3 Kf5 37. g4+ Kg6 38.
Ke4 Bf1 39. h4 Bh3 40. h5+ Kf7 41. f3 Bf1 42. c4 Be2 43. a4 Bd1 44. b5 cxb5 45. axb5 Bxb3 46. c5 Bc4 47. b6 Bd5+ 48.
Ke5 Ke7 49. f4 Bf3 50. f5 exf5 51. gxf5 Bb7 52. f6+ Kd7 53. f7 Ke7 54. Bg5+ Kxf7 55. Kd6 1-0